 Dungeon Crawl Stone Soup version 0.20.1-1-g8b1a95d (webtiles) character file.

1159 Ijustatesigmund the Covert (level 8, -2/63 HPs)
             Began as a Spriggan Assassin on Sept 12, 2017.
             Was an Initiate of Gozag.
             Slain by a killer bee (8 damage)
             ... on level 7 of the Dungeon on Sept 13, 2017.
             The game lasted 00:19:26 (7580 turns).

Ijustatesigmund the Covert (Spriggan Assassin)      Turns: 7580, Time: 00:19:27

Health: -2/63      AC:  4    Str: 12    XL:     8   Next: 16%
Magic:  9/9        EV: 20    Int: 13    God:    Gozag
Gold:   599        SH:  0    Dex: 19    Spells: 7/7 levels left

rFire    . . .     SeeInvis +   a - +3 dagger
rCold    + + +     Gourm    .   (shield restricted)
rNeg     . . .     Faith    .   u - +1 robe "Paotuth" {-Cast rC+++} (curse)
rPois    .         Spirit   .   (helmet restricted)
rElec    .         Reflect  .   d - +0 cloak
rCorr    .         Harm     .   (gloves unavailable)
MR       +....     NoCast   +   (boots unavailable)
Stlth    ..........             (no amulet)
Regen    0.2/turn               i - +2 ring of slaying
MPRegen  0.2/turn               s - ring of wizardry

@: berserking (expiring), lethally poisoned (-2 -> -3), very slightly
contaminated, very quick
A: unfitting armour, see invisible, herbivore 3, speed 3, slow metabolism 2
a: Potion Petition, Call Merchant, Bribe Branch, Renounce Religion


You were on level 7 of the Dungeon.
You worshipped Gozag.
Gozag was pleased with you.
You were not hungry.

You visited 1 branch of the dungeon, and saw 8 of its levels.

You collected 638 gold pieces.
You paid 39 gold pieces to Gozag.

Inventory:

Hand Weapons
 a - a +3 dagger (weapon)
 b - a +0 blowgun
 h - a +1 short sword of draining
Missiles
 e - 50 poisoned needles
 f - 2 curare-tipped needles
 j - 7 needles of sleeping
Armour
 c - a +0 robe
 d - a +0 cloak (worn)
 u - the cursed +1 robe "Paotuth" (worn) {-Cast rC+++}
   (You found it on level 5 of the Dungeon)

   It renders you almost immune to cold.
   It prevents spellcasting.
   It has a curse placed upon it.
Jewellery
 i - a +2 ring of slaying (left hand)
 s - a ring of wizardry (right hand)
Wands
 y - a wand of confusion (20/48)
Scrolls
 k - a scroll of blinking
 q - a scroll of immolation
 r - a scroll of remove curse
 v - a scroll of amnesia
 w - a scroll of identify
 x - 2 scrolls of teleportation
Potions
 l - 2 potions of lignification
 m - a potion of curing {unknown}
 n - 3 potions of brilliance
 o - 2 potions of berserk rage
 p - a potion of magic {unknown}
 t - 2 potions of flight {unknown}
 z - a potion of cancellation {unknown}
Comestibles
 g - 5 bread rations


   Skills:
 + Level 4.6 Fighting
 + Level 6.1 Short Blades
 + Level 2.9 Throwing
 + Level 4.1 Dodging
 - Level 9.7 Stealth


You had 7 spell levels left.
You didn't know any spells.

Dungeon Overview and Level Annotations

Branches:
Dungeon (8/15)             Temple (0/1) D:4
   Lair: D:8-11

Altars:
Cheibriados
Dithmenos
Gozag
Hepliaklqana
Kikubaaqudgha
Makhleb
Qazlal
Ru
Zin
The Shining One

Annotations:
D:3 bgiannan's ghost, amateur HOMo
D:6 cochise's ghost, novice TrBe
D:8 Terandir's ghost, novice MiFi


Innate Abilities, Weirdness & Mutations

You are very small and have problems with some larger weapons.
You are too small for most types of armour.
You have supernaturally acute eyesight. (SInv)
You are a herbivore.
You cover ground extremely quickly.
You need consume almost no food.


Message History

Press: ? - help, Dir - move target cursor You are very lightly contaminated with residual magic.
As you read the scroll of blinking, it crumbles to dust.
An iguana, a quokka, a crocodile and an ice beast come into view.
You feel sick.
It was a potion of berserk rage.
A red film seems to cover your vision as you go berserk!
You feel yourself moving faster!
You feel mighty! The quokka misses you.
The howler monkey hoots and howls with incredible vigour!
You feel a strong urge to attack something.
A killer bee comes into view.
The killer bee buzzes angrily.
The killer bee moves out of view.
Found a scroll of remove curse and a glowing brass ring.
Found an escape hatch in the floor.
You feel sick.
You feel your anger subside. The killer bee stings you!
You die...
Your body crumbles into a pile of gold.

#$.......##
..y..y.#h..####
....#####y..#
.. #y.h.# #..
#O.F## #...
##ry##
#....##lt.#
....?..y..#
.......@..#
........###
.........
#.........
..........#
#.#.=.>.#.. #
##Y...#.#.
..........


You could see a crocodile, an ice beast, an ogre, a wolf, a bullfrog, a howler
monkey, an iguana, 4 killer bees and a quokka.

Vanquished Creatures
  A phantom (D:5)
  3 ogres
  A bullfrog (D:7)
  A wyvern skeleton (D:8)
  A scorpion (D:7)
  A howler monkey (D:7)
  A crimson imp (D:5)
  4 hounds
  2 orc priests (D:5)
  A jelly (D:5)
  A centaur skeleton (D:5)
  An iguana (D:5)
  2 worker ants
  A hound zombie (D:5)
  4 gnolls (D:4)
  10 adders
  A shadow imp (D:5)
  3 oozes
  4 worms
  2 dart slugs
  4 leopard geckos
  8 orcs
  5 giant cockroaches
  4 goblins
  6 hobgoblins
  6 jackals (D:4)
  10 kobolds
  3 quokkas
  2 ball pythons
  5 bats
  5 frilled lizards
  2 jackal skeletons
  4 rats
109 creatures vanquished.

Notes
Turn   | Place    | Note
-------+----------+-------------------------------------------
     0 | D:1      | Ijustatesigmund the Spriggan Assassin began the quest for the Orb.
     0 | D:1      | Reached XP level 1. HP: 10/10 MP: 2/2
   107 | D:1      | Reached skill level 6 in Stealth
   474 | D:1      | Reached XP level 2. HP: 14/14 MP: 3/3
  1153 | D:2      | Reached XP level 3. HP: 8/18 MP: 4/4
  1307 | D:2      | Found a glowing silver altar of Zin.
  1428 | D:2      | Reached skill level 7 in Stealth
  1428 | D:2      | Reached XP level 4. HP: 16/23 MP: 5/5
  2206 | D:3      | Noticed bgiannan's ghost (amateur HOMo)
  2333 | D:3      | Found an opulent altar of Gozag.
  2337 | D:3      | Found an ancient bone altar of Kikubaaqudgha.
  2337 | D:3      | Found a burning altar of Makhleb.
  2339 | D:3      | Found a shadowy altar of Dithmenos.
  2339 | D:3      | Found a sacrificial altar of Ru.
  2546 | D:3      | Became a worshipper of Gozag Ym Sagoz the Greedy
  2990 | D:3      | Reached XP level 5. HP: 27/27 MP: 6/6
  3704 | D:4      | Noticed an ogre
  3708 | D:4      | Killed an ogre
  3708 | D:4      | Reached skill level 8 in Stealth
  3708 | D:4      | Reached XP level 6. HP: 28/32 MP: 7/7
  3980 | D:4      | Found a staircase to the Ecumenical Temple.
  4461 | D:4      | Found a stormy altar of Qazlal.
  4647 | D:5      | Entered Level 5 of the Dungeon
  4657 | D:5      | Got a thick robe
  4668 | D:5      | Identified the cursed +1 robe "Paotuth" {-Cast rC+++} (You found it on level 5 of the Dungeon)
  5022 | D:5      | Reached XP level 7. HP: 37/37 MP: 8/8
  5035 | D:5      | Reached skill level 9 in Stealth
  5960 | D:5      | Reached skill level 5 in Short Blades
  6201 | D:5      | Found a hazy altar of Hepliaklqana.
  6312 | D:5      | Found a hazy altar of Hepliaklqana.
  6642 | D:6      | Noticed cochise's ghost (novice TrBe)
  7040 | D:6      | Found a glowing golden altar of the Shining One.
  7080 | D:6      | Found a snail-covered altar of Cheibriados.
  7148 | D:6      | Reached XP level 8. HP: 31/42 MP: 9/9
  7538 | D:8      | Noticed a troll
  7548 | D:8      | Noticed Terandir's ghost (novice MiFi)
  7580 | D:7      | Slain by a killer bee

Skill      XL: |  1  2  3  4  5  6  7  8 |
---------------+-------------------------+-----
Stealth        | 6 7 8 9 |  9.7
Dodging        | 2 3 4 |  4.1
Fighting       | 2 3 4 |  4.6
Short Blades   | 3 4 5 6 |  6.1
Throwing       | |  2.9

Action                   |  1- 3 |  4- 6 |  7- 9 || total
-------------------------+-------+-------+-------++-------
Melee: Dagger            |    74 |   209 |   157 ||   440
 Fire: Blowgun           |     5 |    16 |     4 ||    25
Evoke: Wand              |       |       |     3 ||     3
  Use: Scroll            |     5 |     6 |     2 ||    13
       Potion            |       |       |     1 ||     1
 Stab: Sleeping          |    12 |    15 |     8 ||    35
       Distracted        |       |     1 |     3 ||     4
  Eat: Royal jelly       |       |     1 |       ||     1
       Bread ration      |       |       |     1 ||     1
Armor: Robe              |     8 |    12 |    11 ||    31
Dodge: Dodged            |    40 |   137 |   109 ||   286
